 Dungeon Crawl Stone Soup version 0.30-a0-557-ge2afbf3030 (webtiles) character file.

Game seed: 12835976139014025854

205 Shayle the Poker (level 5, 0/33 HPs)
             Began as a Tengu Reaver on Dec 27, 2022.
             Killed from afar by an orc wizard (9 damage)
             ... with a puff of flame
             ... on level 7 of the Dungeon.
             The game lasted 00:08:35 (3252 turns).

Shayle the Poker (Tengu Reaver)                     Turns: 3252, Time: 00:08:35

Health: 0/33       AC:  5    Str: 12    XL:     5   Next: 83%
Magic:  9/9        EV: 16    Int: 16    God:
Gold:   194        SH:  0    Dex: 14    Spells: 7/8 levels left

rFire   . . .      SeeInvis .    w - +6 war axe of the Dead {heavy, Will++ Dex+2}
rCold   . . .      Faith    .    (no shield)
rNeg    . . .      Spirit   .    l - +2 animal skin
rPois   .          Reflect  .    (helmet restricted)
rElec   .          Harm     .    q - +0 cloak
rCorr   .          Rampage  .    (no gloves)
Will    ++...                    (boots unavailable)
Stlth   +                        (no amulet)
HPRegen 0.25/turn                (no ring)
MPRegen 0.11/turn                (no ring)

@: flying quickly and evasively, quick
A: beak, talons 3, nimble flight
a: no special abilities


You were on level 7 of the Dungeon.
You visited 1 branch of the dungeon, and saw 5 of its levels.

You collected 194 gold pieces.

Inventory:

Hand Weapons
 a - a +0 spear
 w - the +6 war axe of the Dead (weapon) {heavy, Will++ Dex+2}
   (You found it on level 4 of the Dungeon)

   It deals dramatically more damage, but attacks with it are much slower.
   Dex:       It affects your dexterity (+2).
   Will:      It greatly increases your willpower.
 B - a +3 club
Missiles
 y - a throwing net
Armour
 b - a +0 leather armour
 l - a +2 animal skin (worn)
 q - a +0 cloak (worn)
Wands
 z - a wand of mindburst (6)
Scrolls
 d - a scroll of blinking {unknown}
 f - a scroll of fog {unknown}
 h - a scroll of poison {unknown}
 i - 2 scrolls of immolation {unknown}
 m - a scroll of vulnerability {unknown}
 p - a scroll of silence {unknown}
 r - a scroll of identify {unknown}
 s - a scroll of teleportation {unknown}
 t - a scroll of acquirement {unknown}
 u - a scroll of enchant weapon {unknown}
 v - a scroll of amnesia {unknown}
 x - a scroll of noise {unknown}
Potions
 c - 2 potions of curing {unknown}
 e - a potion of cancellation {unknown}
 g - 5 potions of haste {unknown}
 j - 2 potions of lignification {unknown}
 k - a potion of degeneration {unknown}
 n - 2 potions of attraction {unknown}
 o - a potion of heal wounds {unknown}
 A - a potion of magic {unknown}


   Skills:
 + Level 3.6 Fighting
 + Level 4.8 Polearms
 + Level 4.1 Dodging
 - Level 2.0 Spellcasting
 - Level 4.0 Conjurations


You had 7 spell levels left.
You knew the following spells:

 Your Spells              Type           Power      Damage    Failure   Level
a - Kiss of Death         Conj/Necr      32%        2d7       9%          1

Your spell library contained the following spells:

 Spells                   Type           Power      Damage    Failure   Level
 Momentum Strike          Conj/Tloc      16%        3d8       14%         2
 Apportation              Tloc           2%         N/A       21%         1
 Necrotise                Necr           4%         1d4       21%         1
 Summon Small Mammal      Summ           4%         N/A       21%         1
 Hailstorm                Conj/Ice       8%         3d4       26%         3
 Ice Form                 Ice/Tmut       1%         N/A       90%         4
 Simulacrum               Ice/Necr       0%         N/A       100%        6


Dungeon Overview and Level Annotations

Branches:
Dungeon (4/15)
 Temple: D:4-7

Altars:
Gozag


Innate Abilities, Weirdness & Mutations

You have a beak for a mouth.
You have claws for feet.
Your magical nature lets you fly swiftly and evasively.


Message History

The orc wizard points at you and mumbles some strange words.
The puff of flame hits you!
The orc wizard hits you with a +0 dagger.
You hit the orc wizard. You claw the orc wizard.
The orc wizard is severely wounded.
The orc wizard hits you but does no damage.
The orc wizard completely misses you.
You closely miss the orc wizard.
The orc wizard is severely wounded.
The orc wizard misses you.
The orc wizard hits you but does no damage.
You hit the orc wizard. Your peck misses the orc wizard.
The orc wizard is almost dead.
The orc wizard hits you with a +0 dagger.
The orc wizard barely misses you.
You barely miss the orc wizard. You peck the orc wizard.
The orc wizard is almost dead.
The orc wizard hits you but does no damage.
The orc wizard casts a spell.
The orc wizard flickers and vanishes!
Deactivating autopickup; reactivate with Ctrl-A.
You closely miss something. Your kick misses something.
Your peck misses something. Something barely misses you.
Something hits you but does no damage.
You miss something. Your kick misses something. You peck something.
You hear some strange, mumbled words.
A puff of flame appears from out of thin air!
The puff of flame hits you! Something hits you.
You closely miss something. Something hits you but does no damage.
Something hits you.
You miss something. Your kick misses something. Something hits you.
The orc wizard casts a spell.
The orc wizard flickers and vanishes!
Something hits you.
* * * LOW HITPOINT WARNING * * *
You barely miss something. Your kick misses something. You peck something.
Something barely misses you.
You hear some strange, mumbled words.
A puff of flame appears from out of thin air!
The puff of flame hits you!
You die...

#........# #.#
#.######.# #.#
####.#####.#
#.###.......##.#######
#........##...........
#####.######.....#####
#.# ##...## # #.#
##.## # #.# #@# #
####.#### #{# #
#.......# #{# #
#.##.##.#


.oo # #.##.##.# .$... # #.#.....# ....... ####....##.#.........
...........+.........+ ####....##.#.........# You could see 2 orcs.

Vanquished Creatures
  A hound (D:4)
  Ijyb (D:4)
  Robin (D:3)
  3 gnolls
  2 worms (D:2)
  2 dart slugs
  9 endoplasms
  4 giant cockroaches
  13 goblins
  6 hobgoblins
  11 jackals
  A quokka (D:1)
  5 ball pythons
  6 bats
  3 frilled lizards
  12 kobolds
  9 rats
89 creatures vanquished.

Vanquished Creatures (others)
  6 plants (D:4)
  4 toadstools (D:4)
10 creatures vanquished.

Grand Total: 99 creatures vanquished

Notes
Turn   | Place    | Note
-------+----------+-------------------------------------------
     0 | D:1      | Shayle the Tengu Reaver began the quest for the Orb.
     0 | D:1      | Reached XP level 1. HP: 12/12 MP: 4/4
    61 | D:1      | Reached XP level 2. HP: 13/17 MP: 6/6
   239 | D:1      | Reached XP level 3. HP: 19/22 MP: 7/7
   277 | D:1      | Found a faded altar of an unknown god.
  1044 | D:2      | Reached XP level 4. HP: 27/27 MP: 8/8
  1340 | D:2      | Noticed Robin
  1407 | D:3      | Killed Robin
  2072 | D:3      | Found an opulent altar of Gozag.
  2576 | D:3      | Gained mutation: Your magical nature lets you fly swiftly
                  | and evasively. [Tengu growth]
  2576 | D:3      | Reached XP level 5. HP: 32/32 MP: 9/9
  2880 | D:4      | Identified the +6 war axe of the Dead {heavy, Will++ Dex+2}
  3059 | D:4      | Noticed Ijyb
  3070 | D:4      | Killed Ijyb
  3131 | D:4      | You are sucked into a shaft and drop 3 floors!
  3222 | D:7      | Noticed a sky beast
  3252 | D:7      | Killed from afar by an orc wizard

Illustrated notes

Levels and vault maps discovered:
D:1:      amcnicky_arrival_single_pillar, layout_loops_cross,
          ebering_ecumenical_altar_hall, minmay_large_rounded_square
D:2:      layout_basic, serial_glass, glass_columns_a, glass_columns_c,
          glass_columns_b, glass_columns_a, glass_columns_b, glass_columns_a,
          glass_columns_c, glass_columns_b, due_unseen_surprise,
          minmay_strange_pillars, minmay_strange_pillars,
          chequers_decorated_corner, minmay_pentomino_t2, uniq_robin
D:3:      layout_loops_corners, nicolae_overflow_crystal_walls, hex_large
D:4:      cheibrodos_fertilizer, layout_basic, serial_bayou_lagoon_a,
          st_stairs_3, uniq_ijyb, uniq_sigmund
D:7:      layout_loops_corners, mainiacjoe_overflow_alcove_3

Skill      XL: |  1  2  3  4  5 |
---------------+----------------+-----
Dodging        | 3 4 |  4.1
Polearms       | 4 |  4.8
Fighting       | 3 |  3.6
Spellcasting   | |  2.0
Conjurations   | |  4.0

Action                   |  1- 3 |  4- 6 || total
-------------------------+-------+-------++-------
Melee: Spear             |    89 |   113 ||   202
       Kick              |    25 |    25 ||    50
       Peck              |    15 |    21 ||    36
       Punch             |     1 |       ||     1
       War axe           |       |    23 ||    23
Armor: Leather armour    |    29 |     8 ||    37
       Animal skin       |       |    21 ||    21
Dodge: Dodged            |    58 |    74 ||   132

Table legend: (Time is in decaauts)
 A = Elapsed time spent in this place.
 B = Non-inter-level travel time spent in this place.
 C = Inter-level travel time spent in this place.
 D = Time resting spent in this place.
 E = Time spent auto-exploring this place.
 F = Levels seen in this place.
 G = Mean time per level.
                   A        B        C        D        E       F      G
               +--------+--------+--------+--------+--------+-----+--------+
         Total |   3208 |   3088 |    120 |    246 |   1964 |   5 |  641.6 |
       Dungeon |   3208 |   3088 |    120 |    246 |   1964 |   5 |  641.6 |
               +--------+--------+--------+--------+--------+-----+--------+

Top non-repeatable levels by time:
     D:3: 1111 daAuts
     D:2: 882 daAuts
     D:1: 873 daAuts
     D:4: 221 daAuts
     D:7: 120 daAuts
